 Dungeon Crawl Stone Soup version 0.24-a0-290-gbb66a67 (webtiles) character file.

Game seed: 6060634099575366426

5887 theanonym the Severer (level 10, 0/94 HPs)
             Began as a Minotaur Warper on May 8, 2019.
             Was a Believer of Makhleb.
             Slain by a brown ugly thing (15 damage)
             ... on level 10 of the Dungeon.
             The game lasted 00:16:17 (10516 turns).

theanonym the Severer (Minotaur Warper)            Turns: 10516, Time: 00:16:18

Health: 0/94       AC: -2    Str: 18    XL:     10   Next: 52%
Magic:  11/11      EV:  7    Int: 10    God:    Makhleb [**....]
Gold:   287        SH:  3    Dex: 11    Spells: 11/11 levels left

rFire    . . .     SeeInvis .   a - +0 war axe
rCold    . . .     Gourm    .   l - +0 buckler
rNeg     . . .     Faith    .   i - +0 chain mail
rPois    .         Spirit   .   (helmet restricted)
rElec    .         Reflect  .   o - +2 cloak
rCorr    .         Harm     .   p - +1 pair of gloves
MR       .....                  (no boots)
Stlth    ..........             (no amulet)
HPRegen  0.25/turn              d - ring of attention (curse)
MPRegen  0.12/turn              (no ring)

@: corroded
A: retaliatory headbutt, horns 2
a: Minor Destruction, Renounce Religion


Innate Abilities, Weirdness & Mutations

You reflexively headbutt those who attack you in melee.
You have a pair of horns on your head.


   Skills:
 + Level 10.4 Fighting
 * Level 15.2 Axes
 - Level 1.0 Throwing
 - Level 1.2 Armour
 - Level 2.1 Dodging
 - Level 1.3 Spellcasting
   Level 2.1 Translocations


You had 11 spell levels left.
You didn't know any spells.
Your spell library contained the following spells:

 Spells                   Type           Power        Failure   Level  Hunger
 Blink                    Tloc           N/A          99%         2    ###....
 Beastly Appendage        Tmut           #.....       100%        1    ##.....
 Corona                   Hex            #......      100%        1    ##.....
 Sting                    Conj/Pois      #...         100%        1    ##.....
 Ensorcelled Hibernation  Hex/Ice        #.....       100%        2    ###....
 Poisonous Vapours        Pois/Air       #.....       100%        2    ###....
 Shroud of Golubria       Chrm/Tloc      #.........   100%        2    ###....
 Sticks to Snakes         Tmut           #.......     100%        2    ###....
 Confuse                  Hex            #.......     100%        3    ####...
 Dazzling Spray           Conj/Hex       #.....       100%        3    ####...
 Gell's Gravitas          Tloc           #.........   100%        3    ####...
 Lesser Beckoning         Tloc           #.........   100%        3    ####...
 Mephitic Cloud           Conj/Pois/Air  #.......     100%        3    ####...
 Spider Form              Tmut/Pois      #.........   100%        3    ####...
 Teleport Other           Tloc           #.......     100%        3    ####...
 Tukima's Dance           Hex            #.......     100%        3    ####...
 Ice Form                 Ice/Tmut       #.......     100%        4    #####..
 Olgreb's Toxic Radiance  Pois           #.......     100%        4    #####..
 Passage of Golubria      Tloc           N/A          100%        4    #####..
 Blade Hands              Tmut           #.........   100%        5    ######.
 Venom Bolt               Conj/Pois      #.........   100%        5    ######.

Skill      XL: |  1  2  3  4  5  6  7  8  9 10 |
---------------+-------------------------------+-----
Axes           | 3 4 5 6 7 8 10 12 14 15 | 15.2
Fighting       | 3 5 7 9 10 | 10.4
Throwing       | |  1.0
Armour         | |  1.2
Dodging        | |  2.1
Spellcasting   | |  1.3
Translocations | |  2.1

Action                   |  1- 3 |  4- 6 |  7- 9 | 10-12 || total
-------------------------+-------+-------+-------+-------++-------
Melee: Hand axe          |    78 |   150 |   356 |       ||   584
       Headbutt          |    14 |    24 |    63 |    26 ||   127
       War axe           |       |       |    68 |   163 ||   231
Evoke: Wand              |       |     5 |     3 |       ||     8
  Use: Scroll            |       |     7 |     7 |       ||    14
       Potion            |       |     1 |     7 |     1 ||     9
  Eat: Chunk             |     3 |     7 |    11 |     3 ||    24
       Ration            |       |     1 |       |     1 ||     2
Armor: Leather armour    |    19 |       |       |       ||    19
       Ring mail         |       |    15 |       |       ||    15
       Scale mail        |       |    41 |    56 |       ||    97
       Skin              |       |    15 |       |       ||    15
       Chain mail        |       |       |   120 |    78 ||   198
Dodge: Dodged            |    35 |    63 |   103 |    46 ||   247
Block: Buckler           |       |    12 |    34 |    23 ||    69

Inventory:

Hand Weapons
 a - a +0 war axe (weapon)
 b - a +0 scimitar of flaming
Missiles
 f - 5 tomahawks of dispersal (quivered)
 k - a throwing net
Armour
 i - a +0 chain mail (worn)
 l - a +0 buckler (worn)
 o - a +2 cloak (worn)
 p - a +1 pair of gloves (worn)
Jewellery
 d - a cursed ring of attention (left hand)
 h - an uncursed amulet of guardian spirit {unknown}
Wands
 r - a wand of polymorph (9)
 w - a wand of flame (31)
Scrolls
 c - a scroll of fear
 n - a scroll of remove curse
 s - a scroll of enchant weapon
 t - 6 scrolls of teleportation {!r}
 B - a scroll of blinking
Potions
 j - 4 potions of flight
 q - a potion of heal wounds
Comestibles
 e - 18 rations


You were on level 10 of the Dungeon.
You worshipped Makhleb.
Makhleb was pleased with you.
You were not hungry.

You visited 1 branch of the dungeon, and saw 10 of its levels.

You collected 503 gold pieces.
You spent 216 gold pieces at shops.

Dungeon Overview and Level Annotations

Branches:
Dungeon (10/15)            Temple (0/1) D:7
   Lair: D:8-11         Orc: D:9-12

Altars:
Cheibriados
Kikubaaqudgha
Makhleb
Qazlal
Xom
Yredelemnul
The Shining One

Shops:
D:6 [

Annotations:
D:6 Prince Ribbit
D:7 1 runed translucent door
D:9 3 runed translucent doors, eyesofgods1's ghost, novice DsGl

#.# #<..... #.# #...###
###.# #...# #...# #...# ..
####.K.#####...#
....#####..))).........###
............).............
+#####...................
#.#@#####...........
#.#u....#...........
#.#.....#.......####
#.#.....#.......+
#.#.....#.......#
#.#######.......# #.. #..


You could see a brown ugly thing and a kobold.

Notes
Turn   | Place    | Note
-------+----------+-------------------------------------------
     0 | D:1      | theanonym the Minotaur Warper began the quest for the Orb.
     0 | D:1      | Reached XP level 1. HP: 18/18 MP: 1/1
   137 | D:1      | HP: 6/18 [hobgoblin (4)]
   148 | D:1      | Reached skill level 3 in Axes
   455 | D:1      | Reached XP level 2. HP: 25/25 MP: 3/3
   824 | D:1      | Reached skill level 4 in Axes
  1014 | D:2      | Reached XP level 3. HP: 29/30 MP: 4/4
  1260 | D:2      | Found an ancient bone altar of Kikubaaqudgha.
  1328 | D:2      | HP: 15/30 [worm (7)]
  1730 | D:2      | Reached skill level 5 in Axes
  1949 | D:2      | Reached XP level 4. HP: 37/37 MP: 5/5
  2109 | D:3      | Noticed Ijyb
  2119 | D:3      | Killed Ijyb
  2548 | D:3      | Reached skill level 6 in Axes
  3030 | D:3      | Noticed Terence
  3035 | D:3      | Killed Terence
  3036 | D:3      | Reached XP level 5. HP: 42/42 MP: 6/6
  3125 | D:4      | HP: 15/42 [orc priest/divine providence (12)]
  3130 | D:4      | Reached skill level 7 in Axes
  3261 | D:4      | HP: 21/42 [poisoned by an adder]
  3267 | D:4      | HP: 20/42 [poisoned by an adder]
  3275 | D:4      | HP: 19/42 [poisoned by an adder]
  3573 | D:4      | HP: 18/42 [gnoll/+0 halberd (15)]
  3579 | D:4      | HP: 13/42 [poisoned by an adder]
  3585 | D:4      | HP: 12/42 [poisoned by an adder]
  3590 | D:4      | Reached XP level 6. HP: 13/50 MP: 7/7
  3593 | D:4      | HP: 13/50 [poisoned by an adder]
  3946 | D:4      | Reached skill level 3 in Fighting
  3946 | D:4      | Reached skill level 8 in Axes
  3970 | D:4      | HP: 10/51 [ogre/+0 giant club (23)]
  3984 | D:3      | HP: 11/51 [orc/cursed -2 hand axe (1)]
  4274 | D:4      | Noticed a sky beast
  4274 | D:4      | an ogre changed into a sky beast
  4297 | D:4      | Killed a sky beast
  4478 | D:4      | Reached XP level 7. HP: 53/58 MP: 8/8
  4573 | D:4      | Found a burning altar of Makhleb.
  4684 | D:4      | Became a worshipper of Makhleb the Destroyer
  4697 | D:5      | Entered Level 5 of the Dungeon
  4753 | D:5      | Reached skill level 9 in Axes
  4761 | D:5      | Found a basalt altar of Yredelemnul.
  4781 | D:5      | HP: 27/58 [centaur/arrow (7)]
  4799 | D:5      | HP: 22/58 [centaur/arrow (1)]
  4808 | D:4      | HP: 4/58 [ogre/+0 giant spiked club (19)]
  4822 | D:5      | HP: 1/58 [worker ant (6)]
  4831 | D:5      | Reached skill level 4 in Fighting
  5046 | D:5      | Found a glowing golden altar of the Shining One.
  5218 | D:5      | HP: 28/60 [centaur/arrow (11)]
  5226 | D:5      | HP: 28/60 [poisoned by a scorpion]
  5230 | D:5      | Reached skill level 5 in Fighting
  5230 | D:5      | Reached skill level 10 in Axes
  5230 | D:5      | HP: 13/61 [poisoned by a scorpion]
  5587 | D:5      | Found a snail-covered altar of Cheibriados.
  5628 | D:5      | Found a runed translucent gate.
  5629 | D:5      | Found a runed translucent gate.
  5630 | D:5      | Found a runed translucent gate.
  5641 | D:5      | Noticed Ijustatesigmund's ghost (novice OpFi)
  5681 | D:5      | Reached XP level 8. HP: 66/68 MP: 9/9
  5878 | D:5      | HP: 32/69 [Ijustatesigmund's ghost (3)]
  5880 | D:5      | Killed Ijustatesigmund's ghost
  5880 | D:5      | Reached skill level 6 in Fighting
  5880 | D:5      | Reached skill level 11 in Axes
  5913 | D:6      | HP: 32/71 [bullfrog (6)]
  5920 | D:6      | Reached * piety under Makhleb
  6196 | D:6      | Found Yrhinuil's Antique Armour Boutique.
  6208 | D:6      | Bought a chain mail for 108 gold pieces
  6218 | D:6      | Bought a pair of gloves for 108 gold pieces
  6622 | D:6      | Noticed Edmund
  6635 | D:6      | Killed Edmund
  6635 | D:6      | Reached skill level 7 in Fighting
  6735 | D:6      | Noticed Prince Ribbit
  6755 | D:6      | HP: 30/73 [Prince Ribbit (12)]
  7038 | D:6      | Reached skill level 12 in Axes
  7303 | D:7      | Reached XP level 9. HP: 71/79 MP: 10/10
  7390 | D:7      | HP: 37/79 [hog (4)]
  7396 | D:7      | HP: 31/79 [hog (7)]
  7417 | D:7      | Reached skill level 8 in Fighting
  7426 | D:7      | HP: 27/81 [human/+0 hand axe (5)]
  7433 | D:7      | HP: 21/81 [human/+0 hand axe (3)]
  7438 | D:7      | Reached skill level 13 in Axes
  7778 | D:7      | Noticed a sixfirhy
  7785 | D:7      | Found a runed translucent door.
  8068 | D:7      | Found a stormy altar of Qazlal.
  8179 | D:7      | Found a staircase to the Ecumenical Temple.
  8397 | D:8      | Reached ** piety under Makhleb
  8679 | D:8      | Noticed Erica
  8698 | D:8      | HP: 41/82 [something (1)]
  8704 | D:8      | HP: 22/82 [something (9)]
  8708 | D:8      | HP: 7/82 [something/bolt of poison (25)]
  8709 | D:8      | HP: 3/82 [something (2)]
  8714 | D:8      | Killed Erica
  8714 | D:8      | Reached skill level 9 in Fighting
  8714 | D:8      | Reached skill level 14 in Axes
  8714 | D:8      | Reached XP level 10. HP: 7/91 MP: 11/11
  9262 | D:8      | Found a shimmering altar of Xom.
  9782 | D:9      | HP: 38/93 [troll (10)]
  9787 | D:9      | HP: 20/93 [troll (4)]
  9789 | D:9      | Reached skill level 10 in Fighting
 10164 | D:9      | Reached skill level 15 in Axes
 10181 | D:9      | Found a runed translucent gate.
 10181 | D:9      | Found a runed translucent gate.
 10181 | D:9      | Found a runed translucent gate.
 10182 | D:9      | Noticed eyesofgods1's ghost (novice DsGl)
 10366 | D:10     | Entered Level 10 of the Dungeon
 10384 | D:10     | Noticed a gargoyle
 10397 | D:10     | Killed a gargoyle
 10504 | D:10     | Noticed a brown ugly thing
 10510 | D:10     | HP: 47/94 [brown ugly thing (8)]
 10513 | D:10     | HP: 23/94 [brown ugly thing (6)]
 10516 | D:10     | Slain by a brown ugly thing

Vanquished Creatures
  Erica (D:8)
  The ghost of Ijustatesigmund the Chopper, a novice OpFi of Cheibriados (D:5)
  A gargoyle (D:10)
  A troll (D:9)
  4 hogs (D:7)
  A human (D:7)
  Edmund (D:6)
  A porcupine (D:4)
  3 orc warriors
  5 sky beasts
  2 ice beasts (D:9)
  A black bear (D:9)
  4 phantoms
  An ogre (D:9)
  3 centaurs
  6 bullfrogs
  A wyvern skeleton (D:8)
  A scorpion (D:5)
  A howler monkey (D:6)
  A bullfrog zombie (D:7)
  2 crimson imps (D:6)
  A centaur zombie (D:8)
  A jelly (D:9)
  3 hounds
  A centaur skeleton (D:5)
  6 orc priests
  8 orc wizards
  Ijyb (D:3)
  Terence (D:3)
  8 worker ants
  A hound skeleton (D:7)
  2 howler monkey skeletons (D:5)
  A worker ant zombie (D:9)
  5 gnolls
  9 adders
  2 shadow imps (D:7)
  2 oozes
  An adder skeleton (D:8)
  3 dart slugs
  4 worms (D:2)
  10 leopard geckos
  35 orcs
  4 giant cockroaches
  2 goblins
  9 hobgoblins
  7 jackals (D:5)
  4 quokkas
  7 bats
  5 frilled lizards
  A jackal skeleton (D:4)
  A jackal zombie (D:5)
  4 kobolds
  A quokka zombie (D:5)
  11 rats
203 creatures vanquished.

Table legend:
 A = Turns spent in this place as a percentage of turns spent in the entire game.
 B = Non-inter-level travel turns spent in this place as a percentage of non-inter-level travel turns spent in the entire game.
 C = Inter-level travel turns spent in this place as a percentage of turns spent in this place.
 D = Turns resting spent in this place as a percentage of non-inter-level travel turns spent in this place.
 E = Turns spent auto-exploring this place as a percentage of non-inter-level travel turns spent in this place.
 F = Non-inter-level travel turns spent in this place divided by the number of levels of this place that you've seen.
                   A       B       C       D       E      F
               +-------+-------+-------+-------+-------+----------------------
         Total | 100.0 | 100.0 |   3.4 |  35.1 |  50.4 | 1015.7
       Dungeon | 100.0 | 100.0 |   3.4 |  35.1 |  50.4 | 1015.7
               +-------+-------+-------+-------+-------+----------------------
